 Dungeon Crawl Stone Soup version 0.30-a0-4-ga7cffc901d (webtiles) character file.

Game seed: 10270191949614972999

37 Sobieck the Cutter (level 3, -8/20 HPs)
             Began as a Vine Stalker Monk on Aug 20, 2022.
             Mangled by Sigmund
             ... wielding a +2 antimagic scythe
              (11 damage)
             ... on level 2 of the Dungeon.
             The game lasted 00:02:39 (2255 turns).

Sobieck the Cutter (Vine Stalker Monk)              Turns: 2255, Time: 00:02:39

Health: -8/20      AC:  2    Str: 13    XL:     3   Next: 41%
Magic:  0/4        EV: 13    Int: 10    God:
Gold:   28         SH:  0    Dex: 18    Spells: 2/2 levels left

rFire   . . .      SeeInvis .    k - +3 short sword (speed) {short}
rCold   . . .      Faith    .    (no shield)
rNeg    . . .      Spirit   +    b - +0 robe
rPois   .          Reflect  .    (no helmet)
rElec   .          Harm     .    (no cloak)
rCorr   .          Rampage  .    (no gloves)
Will    .....                    (no boots)
Stlth   +++.......               (no amulet)
HPRegen 0.06/turn                (no ring)
MPRegen 0.09/turn                (no ring)

@: no status effects
A: fangs 2, magic shield, antimagic bite, no potion heal 2
a: no special abilities


You were on level 2 of the Dungeon.
You visited 1 branch of the dungeon, and saw 2 of its levels.

You collected 28 gold pieces.


Innate Abilities, Weirdness & Mutations

You have extremely sharp teeth.
When hurt, damage is shared between your health and your magic reserves.
Your bite disrupts and absorbs the magic of your enemies.
Potions cannot restore your health.


   Skills:
 + Level 3.0 Fighting
 * Level 3.3 Short Blades
 - Level 2.4 Dodging
 + Level 3.2 Stealth


You had 2 spell levels left.
You didn't know any spells.
Your spell library was empty.

Inventory:

Hand Weapons
 a - a +0 short sword {short}
 k - a +3 short sword of speed (weapon) {short}
   (You took it off a kobold on level 1 of the Dungeon)
Missiles
 e - 38 stones (quivered) {throwing}
 n - 16 poisoned darts {throwing}
Armour
 b - a +0 robe (worn)
 l - a +0 ring mail
   (You found it on level 1 of the Dungeon)
 o - a +0 robe
   (You found it on level 2 of the Dungeon)
 p - a +0 leather armour
   (You found it on level 2 of the Dungeon)
Magical Staves
 m - a staff of earth {!astaff}
   (You found it on level 1 of the Dungeon)
Scrolls
 f - a scroll of blinking {unknown}
 g - 2 scrolls of teleportation {unknown}
 h - a scroll of brand weapon {unknown}
Potions
 c - a potion of ambrosia
 d - 2 potions of curing {@q1}
 i - a potion of might {unknown}
 j - a potion of attraction {unknown}

Dungeon Overview and Level Annotations

Branches:
Dungeon (2/15) Zot: 9756

Altars:

Annotations:
D:2 Sigmund

##. .. #.
#.#############
#.)............
####...........
#.##########
..###########.#
......{@......#
###############


There were no monsters in sight!


Message History

The goblin shoots a sling bullet.
The sling bullet closely misses you.
The endoplasm quivers.
The goblin shoots a sling bullet.
The sling bullet closely misses you.
You puncture the endoplasm!
You kill the endoplasm!
The goblin shoots a sling bullet.
The sling bullet hits you.
The goblin unwields a +0 sling.
The goblin wields a +0 dagger.
The goblin misses you.
You puncture the goblin!
You kill the goblin!
No target in view!
No target in view!
p - a +0 leather armour A ball python comes into view.
The ball python hisses angrily.
Danger!
You hit the ball python. Your bite misses the ball python.
You puncture the ball python!
You kill the ball python!
No target in view!
No target in view!
You see here a ball python corpse.
You see here a +0 whip of venom {mace}.
g - 2 scrolls labelled OMOFUY JEKLOG (gained 1)
n - 12 poisoned darts {throwing} (gained 6) Unknown command.
A kobold comes into view. It is wielding a +0 short sword.
Danger!
The kobold shouts!
The kobold hits you with a +0 short sword.
You hit the kobold.
You kill the kobold!
No target in view!
No target in view!
You see here a +0 short sword {short}.
Found a stone staircase leading down.
Unknown command.
There is a stone staircase leading down here.
There is a stone staircase leading up here.
A kobold comes into view. It is wielding a +0 short sword.
Danger!
The kobold shouts!
You see here 6 gold pieces.
You hit the kobold.
You kill the kobold!
No target in view!
No target in view!
You now have 28 gold pieces (gained 6).
e - 38 stones {throwing} (gained 3)
Things that are here:
a +0 short sword {short}; a kobold corpse
n - 16 poisoned darts {throwing} (gained 4) Sigmund the Dreaded comes into view.
He is wielding a +2 antimagic scythe and carrying a wand of flame (26).
Danger!
Unknown command.
Sigmund shouts!
Unknown command.
Unknown command.
Throw: 38 stones {throwing}
Press: ? - help, Q - select action, (/) - cycle Shift-Dir - straight line, f - Sigmund
Aim: Sigmund, wielding a +2 antimagic scythe, wearing a +0 robe and carrying a wand of flame (26) (58% to hit)
Okay, then.
Unknown command.
Unknown command.
Unknown command.
Sigmund gestures wildly while chanting.
Sigmund flickers and vanishes!
Deactivating autopickup; reactivate with Ctrl-A.
Unknown command.
Unknown command.
Unknown command.
You hit something but do no damage. You bite something. You drain its magic.
Something hits you.
You feel your power leaking away.
You miss something. You hit something.
Unknown command.
You closely miss something. Your bite misses something. Something hits you!
* * * LOW HITPOINT WARNING * * *
Unknown command.
You barely miss something. You bite something. You drain its magic.
You feel invigorated.
Unknown command.
You barely miss something. You bite something.
You hear a zap.
A puff of flame appears from out of thin air!
The puff of flame misses you.
Unknown command.
You miss something.
Unknown command.
You barely miss something.
You hear a zap.
A puff of flame appears from out of thin air!
The puff of flame hits you!
* * * LOW HITPOINT WARNING * * *
Unknown command.
You barely miss something. Your bite misses something.
It was a potion of curing.
That felt strangely inert.
Something hits you!
Ouch! That really hurt!
You die...

Skill      XL: |  1  2 |
---------------+-------+-----
Short Blades   | 3 |  3.3
Fighting       | 3 |  3.0
Stealth        | 3 |  3.2
Dodging        | |  2.4

Action                   || total
-------------------------++-------
Melee: Short sword       ||    90
       Bite              ||    18
  Use: Potion            ||     1
 Stab: Sleeping          ||     2
Armor: Robe              ||    13
Dodge: Dodged            ||    46

Levels and vault maps discovered:
D:1:      reono_arrival_forest_river, layout_basic,
          chequers_ecumenical_altar_twisty, minmay_pentomino_o2
D:2:      layout_loops_ring, grunt_ministairs_3, corner_web_ring,
          minmay_misc_feat_cross, uniq_sigmund

Notes
Turn   | Place    | Note
-------+----------+-------------------------------------------
     0 | D:1      | Sobieck the Vine Stalker Monk began the quest for the Orb.
     0 | D:1      | Reached XP level 1. HP: 11/11 MP: 2/2
   364 | D:1      | HP: 2/11 [hobgoblin (2)]
   759 | D:1      | Reached skill level 3 in Short Blades
   759 | D:1      | Reached XP level 2. HP: 16/16 MP: 3/3
  1414 | D:1      | Found a faded altar of an unknown god.
  1451 | D:1      | Reached skill level 3 in Fighting
  1451 | D:1      | Reached skill level 3 in Stealth
  1566 | D:1      | Reached XP level 3. HP: 20/20 MP: 4/4
  2240 | D:2      | Noticed Sigmund
  2253 | D:2      | HP: 2/20 [something/puff of flame (7)]
  2255 | D:2      | Mangled by Sigmund

Vanquished Creatures
  A dart slug (D:1)
  5 ball pythons
  2 endoplasms (D:2)
  A goblin (D:2)
  5 hobgoblins (D:1)
  4 jackals (D:1)
  3 kobolds
  2 quokkas
  A bat (D:1)
  2 frilled lizards
  4 rats (D:1)
30 creatures vanquished.

Table legend:
 A = Non-vault XP
 B = Vault XP
 C = Vault XP percentage of total XP
 D = Non-vault monster count
 E = Vault monster count
 F = Vault count percentage of total count
                 A         B        C        D         E       F
            +---------+---------+-------+---------+---------+-------
      Total |      52 |       2 |   3.7 |      29 |       1 |   3.3
            +---------+---------+-------+---------+---------+-------
        D:1 |      36 |       2 |   5.3 |      20 |       1 |   4.8
        D:2 |      16 |       0 |   0.0 |       9 |       0 |   0.0
            +---------+---------+-------+---------+---------+-------

Illustrated notes

Table legend:
 A = Kills in this place as a percentage of kills in entire the game.
 B = Kills by you in this place as a percentage of kills by you in the entire game.
 C = Kills by friends in this place as a percentage of kills by friends in the entire game.
 D = Other kills in this place as a percentage of other kills in the entire game.
 E = Experience gained in this place as a percentage of experience gained in the entire game.
 F = Experience gained in this place divided by the number of levels of this place that you have seen.
                   A       B       C       D       E      F
               +-------+-------+-------+-------+-------+----------------------
         Total | 100.0 | 100.0 |   N/A |   N/A | 100.0 |  27.0
       Dungeon | 100.0 | 100.0 |   N/A |   N/A | 100.0 |  27.0
               +-------+-------+-------+-------+-------+----------------------

Table legend: (Time is in decaauts)
 A = Elapsed time spent in this place.
 B = Non-inter-level travel time spent in this place.
 C = Inter-level travel time spent in this place.
 D = Time resting spent in this place.
 E = Time spent auto-exploring this place.
 F = Levels seen in this place.
 G = Mean time per level.
                   A        B        C        D        E       F      G
               +--------+--------+--------+--------+--------+-----+--------+
         Total |   2242 |   2208 |     34 |    312 |   1655 |   2 | 1121.0 |
       Dungeon |   2242 |   2208 |     34 |    312 |   1655 |   2 | 1121.0 |
               +--------+--------+--------+--------+--------+-----+--------+

Top non-repeatable levels by time:
     D:1: 1845 daAuts
     D:2: 396 daAuts
